 Dungeon Crawl Stone Soup version 0.26.0-10-g1f06aea511 (webtiles) character file.

Game seed: 16838348842053113095

8108 dohliylev the Cleaver (level 11, -7/101 HPs)
             Began as a Minotaur Berserker on Jan 17, 2021.
             Was a Follower of the Shining One.
             Mangled by a polar bear (13 damage)
             ... created by the rage of Trog
             ... on level 8 of the Dungeon.
             The game lasted 00:18:07 (8472 turns).

dohliylev the Cleaver (Minotaur Berserker)          Turns: 8472, Time: 00:18:08

Health: -7/101     AC: 18    Str: 26    XL:     11   Next: 5%
Magic:  10/10      EV: 10    Int:  4    God:    the Shining One [*.....]
Gold:   537        SH:  0    Dex:  9    Spells: 10/10 levels left

rFire    . . .     SeeInvis +   H - +8 rapier of Diqupn {flame, +Rage}
rCold    . . .     Faith    .   (no shield)
rNeg     . . .     Spirit   .   I - +1 plate armour {rPois}
rPois    +         Reflect  .   (helmet restricted)
rElec    .         Harm     .   B - +1 cloak
rCorr    +         Rampage  .   (no gloves)
Will     .....                  e - +0 pair of boots
Stlth    ..........             (no amulet)
HPRegen  0.26/turn              t - ring of see invisible
MPRegen  0.12/turn              b - ring of resist corrosion

@: glowing
A: retaliatory headbutt, horns 2
a: Renounce Religion, Evoke Berserk Rage


You were on level 8 of the Dungeon.
You worshipped the Shining One.
The Shining One was aware of your devotion.
You visited 2 branches of the dungeon, and saw 11 of its levels.

You collected 537 gold pieces.

Inventory:

Hand Weapons
 a - a +0 hand axe
 H - the +8 rapier of Diqupn (weapon) {flame, +Rage}
   (You found it on level 10 of the Dungeon)

   It has been specially enchanted to burn those struck by it, causing extra
   injury to most foes and up to half again as much damage against particularly
   susceptible opponents.
   It lets you go berserk.
Armour
 e - a +0 pair of boots (worn)
 B - a +1 cloak (worn)
 I - a +1 plate armour of poison resistance (worn)
Jewellery
 b - a ring of resist corrosion (right hand)
 c - an uncursed ring of flight
 t - a ring of see invisible (left hand)
Wands
 w - a wand of iceblast (9)
 x - a wand of acid (7)
 G - a wand of polymorph (5)
Scrolls
 j - 4 scrolls of random uselessness {unknown}
 k - a scroll of noise {unknown}
 n - a scroll of fog {unknown}
 o - 2 scrolls of amnesia {unknown}
 p - 12 scrolls of identify {unknown}
 r - 3 scrolls of remove curse {unknown}
 u - 13 scrolls of teleportation {unknown}
 v - 3 scrolls of blinking {unknown}
 y - a scroll of fear {unknown}
 A - a scroll of immolation {unknown}
 C - a scroll of enchant armour {unknown}
 D - 3 scrolls of magic mapping {unknown}
Potions
 d - a potion of magic {unknown}
 f - 3 potions of cancellation {unknown}
 g - 3 potions of berserk rage {unknown}
 h - 9 potions of curing {unknown}
 i - 6 potions of heal wounds {unknown}
 l - a potion of mutation {unknown}
 q - 2 potions of flight {unknown}
 s - a potion of might {unknown}
 z - 2 potions of attraction {unknown}
 E - a potion of degeneration {unknown}
 F - a potion of lignification {unknown}


   Skills:
 + Level 10.4 Fighting
 + Level 5.2 Short Blades
 - Level 12.5 Axes
 + Level 9.1 Armour
 + Level 7.5 Dodging


You had 10 spell levels left.
You didn't know any spells.
Your spell library was empty.

Dungeon Overview and Level Annotations

Branches:
Dungeon (10/15)            Temple (1/1) D:5            Lair (0/6) D:9
    Orc (0/2) D:9

Altars:
Ashenzari
Cheibriados
Dithmenos
Elyvilon
Fedhas
Gozag
Hepliaklqana
Kikubaaqudgha
Makhleb
Nemelex Xobeh
Qazlal
Ru
Sif Muna
Trog
Uskayaw
Vehumet
Wu Jian
Xom
Yredelemnul
Zin
The Shining One

Shops:
D:9 }


Innate Abilities, Weirdness & Mutations

You reflexively headbutt those who attack you in melee.
You have a pair of horns on your head.


Message History

The polar bear claws you but does no damage.
The polar bear completely misses you. The polar bear barely misses you.
The polar bear claws you but does no damage. x2
You hear an angry growl.
The polar bear rages.
The polar bear bites you!
* * * LOW HITPOINT WARNING * * *
The polar bear barely misses you.
The polar bear claws you but does no damage.
There is a stone staircase leading up, spattered with blood here.
You hear an angry growl.
The polar bear closely misses you. You furiously retaliate!
You headbutt the polar bear. The polar bear barely misses you.
The polar bear claws you but does no damage.
You hear two shouts!
You climb upwards.
There is a stone staircase leading down here.
The polar bear bites you!
You die...

#......######.##..#...
#......#...#......#...
#......#..>#......#...
#......#...'......+...
######......#.####...###...
#..#.....####.########....#
#..#.....'..........)'....#
#..#.....#h>.........#....#
#..#.....#@..........#....#
##'##.....#'##.###....#....#
#....####....#.########....#
#....# #....#...#....#....#
#....# #....#...#....#....'
#....# #....#...'....'....#
#....# ##[...##########....#
###### #................####
#................#


You could see a polar bear (berserk).

Vanquished Creatures
  Pikel (D:8)
  Psyche (D:8)
  A troll (D:9)
  3 wyverns
  A basilisk (D:9)
  17 yaks
  Menkaure (D:7)
  A sky beast (D:5)
  2 orc warriors (D:9)
  3 ice beasts
  3 black bears
  3 phantoms
  5 ogres
  4 centaurs
  A lemure (D:8)
  6 bullfrogs
  A wyvern skeleton (D:9)
  3 scorpions
  7 killer bees
  A water moccasin skeleton (D:9)
  3 wights (D:9)
  7 hounds
  A bullfrog zombie (D:9)
  A jelly (D:8)
  2 centaur skeletons
  3 orc priests
  A bullfrog skeleton (D:4)
  4 iguanas
  7 worker ants
  3 orc wizards
  2 hound zombies
  A worker ant zombie (D:8)
  Robin (D:3)
  5 adders
  4 gnolls (D:5)
  A shadow imp (D:4)
  3 white imps (D:5)
  An ufetubus (D:6)
  4 oozes
  2 adder skeletons
  An adder zombie (D:8)
  3 worms
  4 leopard geckos
  15 orcs
  2 ball pythons
  7 giant cockroaches
  12 goblins
  9 hobgoblins
  15 jackals
  3 quokkas
  6 bats
  7 frilled lizards
  7 kobolds
  2 leopard gecko skeletons (D:6)
  16 rats
230 creatures vanquished.

Vanquished Creatures (others)
  A plant (D:9)
1 creature vanquished.

Grand Total: 231 creatures vanquished

Notes
Turn   | Place    | Note
-------+----------+-------------------------------------------
     0 | D:1      | dohliylev the Minotaur Berserker began the quest for the
                  | Orb.
     0 | D:1      | Reached XP level 1. HP: 19/19 MP: 0/0
    76 | D:1      | Reached skill level 4 in Axes
    76 | D:1      | Reached XP level 2. HP: 22/27 MP: 1/1
   843 | D:1      | Reached ** piety under Trog
  1217 | D:2      | Reached XP level 3. HP: 32/33 MP: 2/2
  1407 | D:2      | Found an ornate altar of the Wu Jian Council.
  1801 | D:3      | Reached skill level 5 in Axes
  1801 | D:3      | Reached XP level 4. HP: 41/41 MP: 3/3
  2219 | D:3      | Found a hazy altar of Hepliaklqana.
  2280 | D:3      | Reached XP level 5. HP: 47/47 MP: 4/4
  2337 | D:3      | Noticed Robin
  2338 | D:3      | Found a sparkling altar of Nemelex Xobeh.
  2367 | D:3      | Killed Robin
  2479 | D:4      | You fall into a shaft and drop 2 floors!
  2479 | D:6      | Found a burning altar of Makhleb.
  2490 | D:6      | Reached *** piety under Trog
  2509 | D:5      | Entered Level 5 of the Dungeon
  2512 | D:5      | Noticed a sky beast
  2516 | D:5      | Noticed a centaur
  2524 | D:5      | Killed a centaur
  2525 | D:5      | Reached skill level 6 in Axes
  2525 | D:5      | Reached XP level 6. HP: 35/55 MP: 5/5
  2536 | D:5      | Killed a sky beast
  2537 | D:5      | Reached skill level 5 in Fighting
  2661 | D:5      | Reached skill level 7 in Axes
  2693 | D:5      | Found a white marble altar of Elyvilon.
  2721 | D:5      | Reached XP level 7. HP: 45/61 MP: 6/6
  2872 | D:4      | You fall into a shaft and drop 3 floors!
  2951 | D:6      | You fall into a shaft and drop 1 floor!
  3200 | D:6      | Reached skill level 8 in Axes
  3200 | D:6      | Reached skill level 5 in Armour
  3379 | D:5      | Found a staircase to the Ecumenical Temple.
  3897 | D:4      | Reached XP level 8. HP: 61/70 MP: 7/7
  4043 | D:4      | Found a sacrificial altar of Ru.
  4191 | D:4      | Found a shimmering altar of Xom.
  4329 | D:4      | Reached **** piety under Trog
  4662 | D:5      | Reached skill level 9 in Axes
  5557 | D:7      | Noticed Menkaure
  5567 | D:7      | Killed Menkaure
  5574 | D:7      | Reached skill level 10 in Axes
  5580 | D:7      | Reached skill level 5 in Dodging
  5580 | D:7      | Reached XP level 9. HP: 71/79 MP: 8/8
  6019 | D:7      | Found a hide-covered altar of Uskayaw.
  6024 | D:7      | Found a sparkling altar of Nemelex Xobeh.
  6116 | D:8      | Noticed Psyche
  6123 | D:8      | Killed Psyche
  6124 | D:8      | Reached skill level 11 in Axes
  6693 | D:8      | You fall into a shaft and drop 2 floors!
  6693 | D:10     | Entered Level 10 of the Dungeon
  6854 | D:10     | Reached skill level 12 in Axes
  6854 | D:10     | Reached XP level 10. HP: 90/90 MP: 9/9
  6916 | D:10     | Got a crystal rapier
  6917 | D:10     | Identified the +8 rapier of Diqupn {flame, +Rage} (You
                  | found it on level 10 of the Dungeon)
  7036 | D:9      | Found a broken altar of Ashenzari.
  7053 | D:9      | Reached skill level 1 in Short Blades
  7075 | D:9      | HP: 3/92 [orc priest/divine providence (16)]
  7363 | D:9      | Found a staircase to the Orcish Mines.
  7380 | D:9      | Reached ***** piety under Trog
  7771 | Temple   | Entered the Ecumenical Temple
  7834 | Temple   | Fell from the grace of Trog
  7834 | Temple   | Became a worshipper of the Shining One
  7925 | D:8      | Noticed Pikel
  7939 | D:8      | Killed Pikel
  7940 | D:8      | Reached skill level 10 in Fighting
  8292 | D:9      | Found an opulent altar of Gozag.
  8292 | D:9      | Found Dit Eppa's Gadget Emporium.
  8294 | D:9      | Reached * piety under the Shining One
  8314 | D:9      | Found a staircase to the Lair.
  8334 | D:9      | Reached XP level 11. HP: 38/101 MP: 10/10
  8336 | D:9      | Reached skill level 5 in Short Blades
  8450 | D:9      | Noticed a two-headed ogre
  8469 | D:9      | HP: 5/101 [polar bear[the rage of Trog] (11)]
  8472 | D:8      | Mangled by a polar bear

Illustrated notes

Levels and vault maps discovered:
D:1:      dpeg_arrival_ratfight, layout_basic, st_stairs_7
D:2:      layout_rooms, marbit_many_paths
D:3:      layout_rooms, nzn_hepliaklqana_mist_gate, hangedman_decor_riveting,
          nemelex_xobeh_ov_fountains_minmay, uniq_robin
D:4:      layout_basic, xom_teletrap_fun, nicolae_ru_great_annihilating_truth
D:5:      minmay_chambers_of_threes, layout_rooms,
          nicolae_overflow_crystal_walls, minmay_temple_entry_mini_moons
D:6:      layout_rooms, basic_altar
D:7:      layout_basic, minitemple, uniq_menkaure
D:8:      layout_gridville, uniq_psyche, uniq_pikel
D:9:      layout_roguey, nicolae_gozag_seed_capital, evilmike_ruin_ashenzari,
          david_lair_generic, david_orc_2, gammafunk_ghost_spectres,
          serial_shops, shop, nicolae_shop_temple_entry_statues_fountains, shop
D:10:     layout_layer_cave, serial_shops, kennysheep_mini
Temple:   cyrus_circular_temple

Skill      XL: |  1  2  3  4  5  6  7  8  9 10 11 |
---------------+----------------------------------+-----
Axes           | 4 5 6 7 8 10 12 | 12.5
Fighting       | 4 5 6 7 8 10 | 10.4
Armour         | 3 4 5 6 7 9 |  9.1
Dodging        | 3 5 6 7 |  7.5
Short Blades   | 4 5 |  5.2

Action                   |  1- 3 |  4- 6 |  7- 9 | 10-12 || total
-------------------------+-------+-------+-------+-------++-------
Melee: Hand axe          |   100 |    91 |   292 |    15 ||   498
       Headbutt          |    15 |    16 |    44 |    23 ||    98
       Rapier            |       |       |       |   110 ||   110
Invok: Berserk           |       |     2 |     6 |     2 ||    10
       Trog's Hand       |       |       |       |     1 ||     1
 Abil: Evoke Berserk Rag |       |       |       |     2 ||     2
 Stab: Paralysed         |       |       |     1 |       ||     1
Armor: Animal skin       |    11 |       |       |       ||    11
       Ring mail         |    16 |    31 |    99 |    42 ||   188
       Plate armour      |       |       |       |    83 ||    83
Dodge: Dodged            |    71 |    60 |   171 |   139 ||   441
